 Dungeon Crawl Stone Soup version 0.21.1-1-g345015f (webtiles) character file.

327 Goblin1989 the Insei (level 6, -8/46 HPs)
             Began as a Demonspawn Enchanter on Mar 1, 2018.
             Was a Follower of Ru.
             Mangled by Ijyb
             ... wielding a +7 club
              (11 damage)
             ... on level 4 of the Dungeon.
             The game lasted 00:07:18 (3636 turns).

Goblin1989 the Insei (Demonspawn Enchanter)         Turns: 3636, Time: 00:07:18

Health: -8/46      AC: -2    Str: 10    XL:     6   Next: 24%
Magic:  0/9        EV: 13    Int: 22    God:    Ru [*.....]
Gold:   335        SH:  0    Dex: 13    Spells: 8/9 levels left

rFire    . . .     SeeInvis .   b - +0 dagger (venom)
rCold    . . .     Gourm    .   (no shield)
rNeg     . . .     Faith    .   i - +0 robe
rPois    .         Spirit   +   (helmet restricted)
rElec    .         Reflect  .   (no cloak)
rCorr    .         Harm     .   (no gloves)
MR       .....                  (no boots)
Stlth    ++........             m - amulet of guardian spirit
HPRegen  0.15/turn              o - +3 ring of intelligence
MPRegen  0.11/turn              E - +2 ring of intelligence

@: no potions, corroded
A: hooves 1, horns 2, inability to drink while threatened
a: Renounce Religion


You were on level 4 of the Dungeon.
You worshipped Ru.
Ru was aware of your devotion.
You were not hungry.

You visited 1 branch of the dungeon, and saw 4 of its levels.

You collected 335 gold pieces.

Inventory:

Hand Weapons
 a - a +1 dagger
 b - a +0 dagger of venom (weapon)
 G - a +0 dagger of flaming
Armour
 f - a +0 ring mail
 i - a +0 robe (worn)
Jewellery
 c - an uncursed ring of protection from cold
 j - an uncursed amulet of regeneration {unknown}
 m - an amulet of guardian spirit (around neck)
 o - a +3 ring of intelligence (left hand)
 E - a +2 ring of intelligence (right hand)
Scrolls
 g - 2 scrolls of amnesia {unknown}
 h - a scroll of immolation {unknown}
 l - a scroll of enchant armour {unknown}
 n - a scroll of fear {unknown}
 s - 3 scrolls of remove curse {unknown}
 w - 2 scrolls of identify {unknown}
 y - a scroll of blinking {unknown}
 B - a scroll of magic mapping {unknown}
 H - a scroll of noise {unknown}
Potions
 t - a potion of agility {unknown}
 v - a potion of flight
 A - a potion of curing {@q1}
 C - 2 potions of haste {unknown}
 D - a potion of lignification {unknown}
Books
 u - a book of Maledictions

   Spells                             Type                      Level
   a - Corona                         Hexes                        1
   b - Ensorcelled Hibernation        Hexes/Ice                    2
   c - Confuse                        Hexes                        3
   d - Tukima's Dance                 Hexes                        3
   e - Dazzling Spray                 Conjuration/Hexes            3
Comestibles
 e - 9 rations
 I - 4 chunks of flesh


   Skills:
 + Level 2.8 Fighting
 - Level 1.3 Short Blades
 + Level 3.2 Dodging
 - Level 2.8 Stealth
 * Level 3.7 Unarmed Combat
 - Level 2.0 Spellcasting
 - Level 3.0 Hexes


You had 8 spell levels left.
You knew the following spells:

 Your Spells              Type           Power        Failure   Level  Hunger
a - Corona                Hex            ###....      4%          1    #......


Dungeon Overview and Level Annotations

Branches:
Dungeon (4/15)
 Temple: D:4-7

Altars:
Ru

Annotations:
D:4 Ijyb


Innate Abilities, Weirdness & Mutations

You have large cloven feet.
You have a pair of horns on your head.
You cannot drink potions while threatened.


Message History

Key pressed, stopping explore.
Some of the chunks of flesh in your inventory have rotted away.
Key pressed, stopping explore.
Eating one of 2 chunks of flesh.
You eat one of the 2 chunks of flesh.
This raw flesh tastes terrible.
Key pressed, stopping explore.
You butcher the hobgoblin corpse of Robin.
F - 2 chunks of flesh (gained 1)
Things that are here:
a whip; an animal skin; a faintly glowing helmet
Things that are here:
a whip; an animal skin; a faintly glowing helmet; Health restored: 46 MP restored: 9 You see here a goblin skeleton.
Things that are here:
a club; a hobgoblin skeleton; a goblin skeleton
Things that are here:
a club x2
All of the chunks of flesh in your inventory have rotted away.
You see here 14 poisoned needles.
An orc comes into view. It is wielding a flail.
You see here 4 gold pieces.
An orc is nearby!
An orc is nearby!
The orc hits you with a flail.
You take 1 damage, and have 45/46 hp.
You hit the orc but do no damage.
The orc is poisoned.
The orc drinks a potion.
The orc looks more healthy.
You completely miss the orc. Your kick misses the orc.
The orc hits you with a flail.
You take 4 damage, and have 41/46 hp.
You now have 8/9 mp.
You hit the orc but do no damage.
The orc is poisoned.
You headbutt the orc.
The orc is lightly wounded.
The orc closely misses you.
You hit the orc but do no damage.
The orc looks as sick as possible!
You kick the orc, but do no damage.
The orc is moderately wounded.
You hit the orc.
The orc looks as sick as possible!
The orc is severely wounded.
The orc completely misses you.
You hit the orc.
You kill the orc!
No target in view!
No target in view!
No target in view!
No target in view!
No target in view!
No target in view!
No target in view!
No target in view!
No target in view!
No target in view!
No target in view!
No target in view!
No target in view!
No target in view!
No target in view!
H - a scroll labeled BUS VIANEEWK You now have 331 gold pieces (gained 12).
You butcher the orc corpse.
I - 4 chunks of flesh
Things that are here:
a flail; a ring mail
Things that are here:
a flail; a ring mail; Health restored: 46; MP restored: 9 You now have 335 gold pieces (gained 4).
Marking area around Ijyb as unsafe for travelling.
Ijyb the Twisted Goblin comes into view.
She is wielding an enchanted club.
You hit Ijyb but do no damage. You punch Ijyb, but do no damage.
Ijyb zaps a wand.
The bolt of acid misses you.
It is a wand of acid (6).
You hit Ijyb.
Ijyb is poisoned.
Your kick misses Ijyb. Your headbutt misses Ijyb.
Ijyb is lightly wounded.
Ijyb zaps a wand.
The bolt of acid hits you! The acid corrodes you!
You are splashed with acid!
The acid burns!
You feel threatened and lose the ability to drink potions!
* * * LOW HITPOINT WARNING * * *
You take 31 damage, and have 15/46 hp.
MASSIVE DAMAGE!!
You now have 3/9 mp.
Unknown command.
You closely miss Ijyb. You kick Ijyb. Your headbutt misses Ijyb.
Ijyb is moderately wounded.
Ijyb hits you with an enchanted club.
* * * LOW HITPOINT WARNING * * *
You take 4 damage, and have 11/46 hp.
You now have 2/9 mp.
Unknown command.
You hit Ijyb but do no damage.
Ijyb looks as sick as possible!
You kick Ijyb, but do no damage. You headbutt Ijyb, but do no damage.
Ijyb is moderately wounded.
Ijyb drinks a potion.
Ijyb goes berserk!
Unknown command.
Ijyb hits you with an enchanted club.
* * * LOW HITPOINT WARNING * * *
You take 5 damage, and have 6/46 hp.
You now have 1/9 mp.
You cannot drink potions in your current state!
Unknown command.
Ijyb hits you with an enchanted club.
* * * LOW HITPOINT WARNING * * *
You take 4 damage, and have 3/46 hp.
Ijyb hits you with an enchanted club!
You die...

█.......█......█....█....█.█
█.......██..█..██...█.██.█.█
█....█......█.......█.██.█.█
██.█.██.....███.......██.█.█
...█.....█..[...█...████.█.█
█████.██[██.....██.....█.█.█
█████.██.....█......█ █.█.█
......██.....██..g).██ █.█.█
████............@█...█.█.█.█
█..........██.██....█.█.█
████......██████.......█.█.█
...█......█ ██.██.█.█.█.█
...█......█████ █....█ █.█.█
...█......█...█ ████.█ █...█
...█...)..█...█ .█


█████ ...█..........█ .█ ...█........███ .█ You could see Ijyb (berserk).

Vanquished Creatures
  Grinder (D:4)
  A hound (D:4)
  A worker ant (D:4)
  Robin (D:4)
  2 oozes
  A worm (D:4)
  A dart slug (D:3)
  A leopard gecko (D:1)
  2 orcs (D:4)
  5 bats (D:1)
  A giant cockroach (D:1)
  11 goblins
  6 hobgoblins
  4 jackals (D:2)
  7 kobolds
  A ball python (D:1)
  A frilled lizard (D:2)
  2 leopard gecko skeletons (D:4)
  4 rats
53 creatures vanquished.

Notes
Turn   | Place    | Note
-------+----------+-------------------------------------------
     0 | D:1      | Goblin1989 the Demonspawn Enchanter began the quest for the Orb.
     0 | D:1      | Reached XP level 1. HP: 13/13 MP: 3/3
   112 | D:1      | Reached skill level 1 in Short Blades
   428 | D:1      | Gained mutation: You have large cloven feet. [demonic ancestry]
   428 | D:1      | Reached XP level 2. HP: 20/20 MP: 5/5
  1023 | D:2      | Found a sacrificial altar of Ru.
  1037 | D:2      | Became a worshipper of Ru the Awakened
  1061 | D:2      | Reached skill level 1 in Unarmed Combat
  1083 | D:2      | Reached skill level 1 in Fighting
  1083 | D:2      | Gained mutation: You have a pair of small horns on your head. [demonic ancestry]
  1083 | D:2      | Reached XP level 3. HP: 24/26 MP: 4/6
  2139 | D:3      | Gained mutation: You cannot drink potions while threatened. [Ru sacrifice]
  2139 | D:3      | Reached * piety under Ru
  2959 | D:4      | Noticed Grinder
  2983 | D:4      | Killed Grinder
  2983 | D:4      | Reached XP level 4. HP: 19/34 MP: 4/7
  2983 | D:4      | Gained mutation: You have a pair of horns on your head. [demonic ancestry]
  2983 | D:4      | Reached XP level 5. HP: 22/39 MP: 4/8
  3124 | D:4      | Reached XP level 6. HP: 46/46 MP: 9/9
  3246 | D:4      | Noticed Robin
  3295 | D:4      | Killed Robin
  3625 | D:4      | Noticed Ijyb
  3636 | D:4      | Mangled by Ijyb

Skill      XL: |  1  2  3 |
---------------+----------+-----
Short Blades   | 1 |  1.3
Dodging        | 2 3 |  3.2
Unarmed Combat | 1 3 |  3.7
Fighting       | 1 2 |  2.8
Stealth        | |  2.8
Spellcasting   | |  2.0
Hexes          | |  3.0

Action                   |  1- 3 |  4- 6 || total
-------------------------+-------+-------++-------
Melee: Dagger            |   117 |    60 ||   177
       Kick              |    18 |    16 ||    34
       Headbutt          |     7 |    11 ||    18
       Punch             |     1 |     2 ||     3
 Cast: Corona            |     1 |       ||     1
Invok: Sacrifice Drink   |     1 |       ||     1
  Use: Potion            |     4 |       ||     4
 Stab: Sleeping          |     7 |       ||     7
       Distracted        |     1 |       ||     1
  Eat: Chunk             |     4 |     1 ||     5
       Ration            |     1 |       ||     1
Armor: Robe              |    28 |     4 ||    32
Dodge: Dodged            |    87 |    34 ||   121

Vault maps used:
D:1:      dpeg_arrival_snail
D:2:      hangedman_ru_absence, minmay_misc_feat_nine_boxes
D:3:      first_ration
D:4:      hangedman_decor_points, uniq_ijyb, uniq_robin, uniq_grinder
